 Dungeon Crawl Stone Soup version 0.18.1-48-g4cf74bf (webtiles) character file.

869 Lennu the Covered (level 8, -6/48 HPs)
             Began as a Gargoyle Warper on June 28, 2016.
             Killed from afar by a hell hog (54 damage)
             ... with a fireball
             ... on level 1 of the Abyss.
             The game lasted 00:24:06 (4218 turns).

Lennu the Covered (Gargoyle Warper)                 Turns: 4218, Time: 00:24:06

Health: -6/48      AC: 14    Str: 16    XL:     8   Next: 3%
Magic:  12/12      EV: 12    Int: 15    God:
Gold:   371        SH:  0    Dex:  9    Spells: 2 memorised, 10 levels left

rFire  x . .     SeeInvis .     j - +2 hand axe (distort)
rCold  + . .     Gourm    .     b - +0 leather armour
rNeg   + . .     Faith    .     (no shield)
rPois  ∞         Spirit   .     t - +1 helmet
rElec  +         Dismiss  .     w - +1 cloak {MR+}
rCorr  .         Reflect  .     (no gloves)
SustAt .         Harm     .     q - +0 pair of boots
MR     +....                    B - amulet of rage
Stlth  +.........               s - ring of poison resistance
                                D - ring of ice

@: somewhat resistant to hostile enchantments, very unstealthy
A: negative energy resistance 1, electricity resistance, unbreathing,
petrification resistance, rot immunity, AC +5
a: Evoke Berserk Rage


You were on level 1 of the Abyss.
You were not hungry.

You visited 1 branch of the dungeon, and saw 6 of its levels.
You visited the Abyss 1 time.

You collected 371 gold pieces.

Inventory:

Hand Weapons
 j - a +2 hand axe of distortion (weapon)
Missiles
 e - 5 tomahawks of dispersal
 H - 6 javelins (quivered)
Armour
 b - a +0 leather armour (worn)
 q - a +0 pair of boots (worn)
 t - a +1 helmet (worn)
 w - a +1 cloak of magic resistance (worn)
Jewellery
 s - a ring of poison resistance (right hand)
 B - an amulet of rage (around neck)
 D - a ring of ice (left hand)
Scrolls
 d - a scroll of blinking
 i - 2 scrolls of identify
 p - a scroll of silence {unknown}
 v - a scroll of recharging
 y - 3 scrolls of enchant weapon
 A - a scroll of teleportation {unknown}
 E - a scroll of fog {unknown}
Potions
 g - 2 potions of curing {unknown}
 h - a potion of heal wounds {unknown}
 l - a potion of mutation {unknown}
 o - a potion of resistance {unknown}
 r - a potion of ambrosia {unknown}
 z - a potion of degeneration {unknown}
 F - a potion of might {unknown}
 G - a potion of agility {unknown}
Books
 c - a book of Spatial Translocations

   Spells                             Type                      Level
   a - Apportation                    Translocation                1
   b - Blink                          Translocation                2
   c - Shroud of Golubria             Charms/Translocation         2
   d - Portal Projectile              Translocation                3
   e - Teleport Other                 Translocation                3
   f - Passage of Golubria            Translocation                4
Miscellaneous
 a - a phantom mirror
Comestibles
 f - 2 bread rations
 k - 5 meat rations
 m - 4 beef jerkies
 n - 2 royal jellies
 u - 2 chunks of flesh


   Skills:
 * Level 3.8 Fighting
   Level 3.3 Maces & Flails
 + Level 0.8 Throwing
 * Level 4.1 Armour
 * Level 4.0 Dodging
 * Level 3.2 Spellcasting
 * Level 1.9 Charms
 * Level 3.9 Translocations


You had 10 spell levels left.
You knew the following spells:

 Your Spells              Type           Power        Failure   Level  Hunger
a - Apportation           Tloc           ##........   6%          1    #......
b - Shroud of Golubria    Chrm/Tloc      ##........   12%         2    ##.....


Dungeon Overview and Level Annotations

Branches:
Dungeon (6/15)
 Temple: D:4-7

Altars:
Cheibriados
Makhleb
Okawaru
Xom
The Shining One


Innate Abilities, Weirdness & Mutations

You are resistant to torment.
Your stone body is resilient (AC +5).
You are immune to poison.
You resist negative energy.
You are resistant to electric shocks.
You can survive without breathing.
You are immune to petrification.
You are immune to rotting.


Message History

j - a +2 hand axe of distortion (weapon)
Wield which item (- for none, * to show all)? (? for menu, Esc to quit)
Okay, then.
Drop what? 34/52 slots (_ for help) (? for menu, Esc to quit)
You drop a +0 mace.
You drop a scale mail.
You drop a lajatang.
You drop a -1 spear.
You stop training Maces & Flails.
Found a scroll labeled WYANUN WACUE.
You see here a phantom mirror.
a - a phantom mirror
Press: ? - help, v - describe, . - travel The floor.
You see here a scroll labeled WYANUN WACUE.
p - a scroll labeled WYANUN WACUE The hell hog breathes fire at you.
The fireball explodes!
The fireball engulfs you! The fire burns you terribly!
Ouch! That really hurt!
You die...

#.........)... ....
#..................
#..#...............
#................
#..#....h.... .. ..
#..................
#.............. ...
#.............#.#.
#..@..........#.#
############### #


You could see a hell hog.

Vanquished Creatures
  4 ogres
  A scorpion (D:4)
  A howler monkey (D:5)
  A crimson imp (D:5)
  A quasit (D:6)
  A jelly (D:5)
  A giant frog skeleton (D:6)
  An orc priest (D:3)
  An iron imp (D:5)
  A centaur skeleton (D:4)
  An iguana (D:4)
  2 adders
  A shadow imp (D:5)
  A worm (D:3)
  A dart slug (D:1)
  5 giant geckos
  11 orcs
  3 bats (D:1)
  2 giant cockroaches
  7 goblins
  6 hobgoblins
  13 jackals
  2 quokkas
  2 ball pythons
  5 giant newts
  A goblin skeleton (D:5)
  2 goblin zombies (D:5)
  2 hobgoblin zombies (D:5)
  4 kobolds
  A kobold skeleton (D:5)
  3 kobold zombies (D:5)
  An orc skeleton (D:5)
  8 rats
97 creatures vanquished.

Vanquished Creatures (others)
  A sky beast (D:6)
  2 orcs (D:3)
  A jackal (D:3)
4 creatures vanquished.

Grand Total: 101 creatures vanquished

Notes
Turn   | Place    | Note
--------------------------------------------------------------
     0 | D:1      | Lennu the Gargoyle Warper began the quest for the Orb.
     0 | D:1      | Reached XP level 1. HP: 12/12 MP: 3/3
    91 | D:1      | Reached XP level 2. HP: 11/17 MP: 5/5
   101 | D:1      | Learned a level 2 spell: Shroud of Golubria
   503 | D:1      | Reached XP level 3. HP: 22/22 MP: 6/6
   736 | D:2      | Found an iron altar of Okawaru.
  1210 | D:3      | Reached XP level 4. HP: 27/27 MP: 7/7
  1560 | D:3      | Reached XP level 5. HP: 29/31 MP: 8/8
  1875 | D:4      | Noticed an ogre
  1880 | D:4      | Killed an ogre
  1989 | D:4      | Reached XP level 6. HP: 24/36 MP: 10/10
  2268 | D:4      | Noticed a phantom
  2301 | D:4      | Found a shimmering altar of Xom.
  2547 | D:4      | Reached skill level 1 in Charms
  2979 | D:5      | Entered Level 5 of the Dungeon
  2981 | D:5      | Found a glowing golden altar of the Shining One.
  3004 | D:5      | Reached XP level 7. HP: 37/41 MP: 9/11
  3258 | D:5      | Found a burning altar of Makhleb.
  3259 | D:5      | Found a snail-covered altar of Cheibriados.
  4158 | D:6      | Reached XP level 8. HP: 48/48 MP: 9/12
  4199 | D:6      | Cast into level 1 of the Abyss (a distortion unwield)
  4211 | Abyss:1  | Noticed a hell hog
  4218 | Abyss:1  | Killed from afar by a hell hog

Skill      XL: |  1  2  3  4  5  6  7 |
---------------+----------------------+-----
Translocations | 3 |  3.9
Dodging        | 2 3 4 |  4.0
Armour         | 2 3 4 |  4.1
Fighting       | 3 |  3.8
Spellcasting   | 3 |  3.2
Charms         | 1 |  1.9
Maces & Flails | 3 |  3.3
Throwing       | |  0.8

Action                   |  1- 3 |  4- 6 |  7- 9 || total
-------------------------+-------+-------+-------++-------
Melee: Mace              |    70 |       |       ||    70
       Hand axe          |    31 |   110 |    45 ||   186
Throw: Javelin           |       |       |     2 ||     2
 Cast: Shroud of Golubri |     4 |     4 |     4 ||    12
       Apportation       |     2 |       |       ||     2
  Use: Scroll            |       |     6 |     1 ||     7
  Eat: Chunk             |     2 |     1 |     3 ||     6
       Bread ration      |       |     1 |       ||     1
       Beef jerky        |       |       |     1 ||     1
Armor: Leather armour    |    47 |    37 |    22 ||   106
Dodge: Dodged            |    89 |    52 |    29 ||   170
